 Dungeon Crawl Stone Soup version 0.26-a0-394-g0b5ff556b1 (webtiles) character file.

Game seed: 17951482250736196928

424 MrRokkomies the Chiller (level 6, -4/38 HPs)
             Began as a Tengu Ice Elementalist on July 23, 2020.
             Was an Initiate of Ashenzari.
             Slain by a sky beast (5 damage)
             ... on level 4 of the Dungeon.
             The game lasted 00:10:30 (3503 turns).

MrRokkomies the Chiller (Tengu Ice Elementalist)    Turns: 3503, Time: 00:10:33

Health: -4/38      AC:  7    Str:  8    XL:     6   Next: 96%
Magic:  4/10       EV: 14    Int: 18    God:    Ashenzari [......]
Gold:   184        SH:  0    Dex: 17    Spells: 2/9 levels left

rFire    . . .     SeeInvis .   a - +5 mace (freeze) (curse)
rCold    . . .     Faith    .   (no shield)
rNeg     . . .     Spirit   .   c - +2 robe {MR+}
rPois    .         Reflect  .   (helmet restricted)
rElec    .         Harm     .   (no cloak)
rCorr    .                      k - +2 pair of gloves {Dex+3} (curse)
MR       +....                  (boots unavailable)
Stlth    ++........             (no amulet)
HPRegen  0.12/turn              (no ring)
MPRegen  0.12/turn              (no ring)

@: very slightly contaminated, lightly drained
A: beak, talons 3, able to fly
a: Fly, Curse Item, Renounce Religion


You were on level 4 of the Dungeon.
You worshipped Ashenzari.
Ashenzari was noncommittal.
You visited 1 branch of the dungeon, and saw 4 of its levels.

You collected 184 gold pieces.

Inventory:

Hand Weapons
 a - a cursed +5 mace of freezing (weapon)
 r - a +3 dagger of protection
Missiles
 b - a throwing net (quivered)
Armour
 c - a +2 robe of magic resistance (worn)
 k - a cursed +2 pair of gloves of dexterity (worn)
Jewellery
 l - an uncursed ring of see invisible
Wands
 j - a wand of flame (15)
Scrolls
 d - 3 scrolls of amnesia
 e - 2 scrolls of identify
 f - a scroll of remove curse
 g - 2 scrolls of blinking
 h - 3 scrolls of immolation
 q - a scroll of enchant armour
 s - a scroll of magic mapping
 t - a scroll of noise {unknown}
Potions
 i - a potion of might {unknown}
 m - a potion of experience {unknown}
 n - 3 potions of invisibility {unknown}
 o - a potion of flight {unknown}
 p - a potion of brilliance {unknown}


   Skills:
 * Level 4.1(4.0) Fighting
 + Level 3.9 Dodging
 - Level 2.0(1.9) Stealth
 - Level 2.0(1.9) Spellcasting
 * Level 5.4(5.3) Ice Magic


You had 2 spell levels left.
You knew the following spells:

 Your Spells              Type           Power        Failure   Level
a - Freeze                Ice            ###.         1%          1
b - Frozen Ramparts       Ice            ###...       6%          3
c - Ozocubu's Armour      Ice            ###.....     6%          3

Your spell library contained the following spells:

 Spells                   Type           Power        Failure   Level
 Hailstorm                Conj/Ice       ##......     52%         4
 Summon Ice Beast         Ice/Summ       ##......     52%         4


Dungeon Overview and Level Annotations

Branches:
Dungeon (4/15)
 Temple: D:4-7

Altars:
Ashenzari


Innate Abilities, Weirdness & Mutations

You have a beak for a mouth.
You have claws for feet.
You can fly continuously.


Message History

The wall freezes the ogre.
You kill the ogre!
Your Fighting skill increases to level 4!
The wall freezes something.
You barely miss something. Your kick misses something.
The wall freezes something.
Something hits you. Something shocks you.
You miss something. You claw something.
The wall freezes something.
Something barely misses you.
You miss something. You claw something. Your peck misses something.
The frozen ramparts melt away.
Something hits you but does no damage. Something hits you.
Something shocks you.
You barely miss something. You claw something. Your peck misses something.
Something hits you but does no damage.
You closely miss something. You claw something. Something hits you.
Something shocks you.
* * * LOW HITPOINT WARNING * * *
Something hits you.
* * * LOW HITPOINT WARNING * * *
Something shocks you.
You die...

... ##+######.....# ..
.....##.....# .
............#
################.#..#
.................#..#
#.####.####.####)#..#
'.'..#.#..+.'..#.#..#
#.#..#.#..#.#..#{#..#
#.##'#.##'#.##+#@#..#
..............รท..#..#
#.##+#.##+#.##+#.#..#
#.#..#.#..#.# #.#.(#
#.#..'.'..#.# #[#..#
#.####.####.####.#..#
.................#..#
##################..#
.....##########.....#


There were no monsters in sight!

Vanquished Creatures
  An ogre (D:4)
  A scorpion (D:4)
  3 wights (D:4)
  8 gnolls
  3 adders
  An ooze (D:2)
  2 worms (D:3)
  2 leopard geckos (D:1)
  9 bats
  5 giant cockroaches
  6 goblins
  6 hobgoblins
  4 jackals (D:2)
  10 kobolds
  2 quokkas (D:4)
  2 frilled lizards (D:2)
  5 rats
70 creatures vanquished.

Vanquished Creatures (others)
  A quokka (D:4)
1 creature vanquished.

Grand Total: 71 creatures vanquished

Notes
Turn   | Place    | Note
-------+----------+-------------------------------------------
     0 | D:1      | MrRokkomies the Tengu Ice Elementalist began the quest for
                  | the Orb.
     0 | D:1      | Reached XP level 1. HP: 10/10 MP: 4/4
   227 | D:1      | Reached XP level 2. HP: 16/16 MP: 6/6
   244 | D:1      | Reached skill level 1 in Fighting
   797 | D:2      | Reached XP level 3. HP: 20/20 MP: 7/7
   802 | D:2      | Learned a level 3 spell: Frozen Ramparts
   992 | D:2      | Reached skill level 4 in Ice Magic
  1646 | D:2      | Found a shattered altar of Ashenzari.
  1659 | D:2      | Became a worshipper of Ashenzari the Shackled
  2011 | D:2      | Reached XP level 4. HP: 17/26 MP: 2/8
  2297 | D:2      | Learned a level 3 spell: Ozocubu's Armour
  2373 | D:3      | Gained mutation: You can fly continuously. [Tengu growth]
  2373 | D:3      | Reached XP level 5. HP: 30/31 MP: 5/9
  3155 | D:4      | Reached XP level 6. HP: 37/37 MP: 5/10
  3267 | D:4      | Reached skill level 5 in Ice Magic
  3465 | D:4      | Noticed a sky beast
  3503 | D:4      | HP: 1/38 [something (5)]
  3503 | D:4      | Slain by a sky beast

Illustrated notes

Levels and vault maps discovered:
D:1:      lordsloth_arrival_two_stooges, layout_rooms, serial_rivers,
          chequers_serial_rivers_micro_c, chequers_serial_rivers_micro_c,
          chequers_serial_rivers_micro_e, chequers_serial_rivers_micro_c,
          chequers_serial_rivers_marsh, wad_floor_pattern_untrapped
D:2:      layout_loops_corners, lemuel_round_altar
D:3:      layout_basic, chequers_serial_rivers_micro_b
D:4:      minmay_door_path, layout_gridville, elyvilon_altar_4,
          minmay_temple_entry_arrows, ashenzari_altar_1

Skill      XL: |  1  2  3  4  5  6 |
---------------+-------------------+-----
Fighting       | 1 2 3 4 |  4.1
Ice Magic      | 4 5 |  5.4
Dodging        | 3 |  3.9
Stealth        | |  2.0
Spellcasting   | |  2.0

Action                   |  1- 3 |  4- 6 || total
-------------------------+-------+-------++-------
Melee: Short sword       |    72 |       ||    72
       Peck              |    14 |     5 ||    19
       Unarmed           |     1 |       ||     1
       Kick              |    17 |    17 ||    34
       Dagger            |    18 |    59 ||    77
       Mace              |       |    11 ||    11
 Cast: Freeze            |     9 |    11 ||    20
       Frozen Ramparts   |     2 |    10 ||    12
       Ozocubu's Armour  |       |     1 ||     1
Invok: Curse Item        |     1 |       ||     1
  Use: Scroll            |     6 |     3 ||     9
       Potion            |     1 |       ||     1
 Stab: Sleeping          |     5 |     2 ||     7
Armor: Robe              |    44 |    24 ||    68
Dodge: Dodged            |    53 |    68 ||   121

Table legend: (Time is in decaauts)
 A = Elapsed time spent in this place.
 B = Non-inter-level travel time spent in this place.
 C = Inter-level travel time spent in this place.
 D = Time resting spent in this place.
 E = Time spent auto-exploring this place.
 F = Levels seen in this place.
 G = Mean time per level.
                   A        B        C        D        E       F      G
               +--------+--------+--------+--------+--------+-----+--------+
         Total |   3519 |   3446 |     73 |    640 |   2176 |   4 |  879.8 |
       Dungeon |   3519 |   3446 |     73 |    640 |   2176 |   4 |  879.8 |
               +--------+--------+--------+--------+--------+-----+--------+

Top non-repeatable levels by time:
     D:2: 1567 daAuts
     D:1: 796 daAuts
     D:3: 749 daAuts
     D:4: 405 daAuts
